 Dungeon Sprint DCSS version 0.27-a0-909-g0721f309d1 (webtiles) character file.

Game seed: 17592906031178358512

2374 EnegeticOcto the Unseen (level 9, -9/55 HPs)
             Began as a Felid Berserker on Apr 8, 2021.
             Was an Elder of Trog.
             Mangled by a yaktaur captain (23 damage)
             ... in the Dungeon (Sprint II: "The Violet Keep of Menkaure").
             The game lasted 00:04:05 (874 turns).

EnegeticOcto the Unseen (Felid Berserker)            Turns: 874, Time: 00:04:05

Health: -9/55      AC:  2    Str: 13    XL:     9   Next: 21%
Magic:  0/10       EV: 19    Int:  8    God:    Trog [****..]
Gold:   3          SH:  0    Dex: 19    Spells: 8/8 levels left
                                        Lives:  0   Deaths: 2

rFire    . . .     SeeInvis +     - Unarmed
rCold    . . .     Faith    .   (shield unavailable)
rNeg     . . .     Spirit   +   (armour unavailable)
rPois    .         Reflect  .   (helmet unavailable)
rElec    .         Harm     .   (cloak unavailable)
rCorr    .         Rampage  .   (gloves unavailable)
Will     +....     NoTele   +   (boots unavailable)
Stlth    ..........             m - amulet of guardian spirit
HPRegen  0.18/turn              (no ring)
MPRegen  0.12/turn              (no ring)

@: berserking, very quick
A: very small, claws 1, fangs 3, see invisible, speed 1, shaggy fur 2, stealthy
paws, no weapons or thrown items, no armour, multi-lived
a: Renounce Religion, Berserk, Trog's Hand, Brothers in Arms


You were in the Dungeon.
You worshipped Trog.
Trog was greatly pleased with you.
You visited 1 branch You collected 829 gold pieces.
You spent 826 gold pieces at shops.

Inventory:

Jewellery
 m - an amulet of guardian spirit (around neck)
   (You bought it in a shop in the Dungeon)
Scrolls
 f - 2 scrolls of blinking {@r4}
 g - a scroll of immolation
Potions
 a - a potion of curing {@q1 !q}
 b - a potion of heal wounds {@q2 !q}
 c - a potion of haste {@q4 !q}
 d - 2 potions of magic
 e - a potion of berserk rage
 h - a potion of lignification {@q6}
 i - a potion of resistance
 j - a potion of invisibility
 k - 2 potions of attraction
 n - a potion of might {@q3 !q}


   Skills:
 - Level 3.0 Fighting
 - Level 4.0 Dodging
 + Level 20.2 Stealth
 + Level 15.3 Unarmed Combat


You had 8 spell levels left.
You didn't know any spells.
Your spell library was empty.

Dungeon Overview and Level Annotations

Branches:
Dungeon (1/1)

Altars:
Cheibriados
Dithmenos
Elyvilon
Fedhas
Gozag
Hepliaklqana
Kikubaaqudgha
Makhleb
Nemelex Xobeh
Okawaru
Qazlal
Ru
Sif Muna
Trog
Uskayaw
Vehumet
Wu Jian
Xom
Yredelemnul
Zin
The Shining One
Beogh
Jiyva
Lugonu

Shops:
D [?:[:![=(=[(!?!

Annotations:
D exclusion: oklob plant


Innate Abilities, Weirdness & Mutations

You have sharp claws.
You have razor-sharp teeth.
You have supernaturally acute eyesight. (SInv)
You cover ground quickly. (Speed+)
You are covered in thick fur. (AC +2)
Your stealthy paws help you sneak and pounce on unaware monsters.
You are incapable of wielding weapons or throwing items.
You cannot wear armour.
You gain extra lives every three experience levels.


Message History

There is an open door here.
You close the door.
Something unseen opens the door.
A red film seems to cover your vision as you go berserk!
You feel yourself moving faster!
You feel mighty!
You mangle Kirke!!
Kirke is lightly wounded.
You closely miss Kirke.
Kirke is lightly wounded.
Kirke hits you.
You scratch Kirke.
Kirke is moderately wounded.
You mangle Kirke!!
Kirke is moderately wounded.
Kirke hits you.
You claw Kirke!
Kirke is heavily wounded.
You mangle Kirke!!
Kirke is severely wounded.
Kirke gestures wildly while chanting.
Nothing appears to happen.
You mangle Kirke!! Your claw misses Kirke.
Kirke is almost dead.
You mangle Kirke!!
You kill Kirke!
Trog accepts your kill.
Trog appreciates your killing of a magic user.
Your Stealth skill gained 3 levels and is now at level 20!
Your Unarmed Combat skill gained 2 levels and is now at level 15!
Welcome back to level 8!
You have reached level 9!
Your experience leads to an increase in your attributes!
Increase (s)trength, (i)ntelligence, or (d)exterity?
You feel agile.
You feel a strong urge to attack something.
You are no longer berserk.
You are exhausted.
You feel yourself slow down.
There is an open door here.
You close the door.
You start resting.
A wyvern comes into view.
The wyvern hisses angrily.
The wyvern closely misses you.
You closely miss the wyvern. You barely miss the wyvern.
The wyvern completely misses you. The wyvern misses you.
You scratch the wyvern. Your bite misses the wyvern.
The wyvern is lightly wounded.
The wyvern bites you! The wyvern bites you.
You fail to use your ability.
The wyvern barely misses you. The wyvern misses you.
Your troll goes berserk!
Trog will no longer gift you weapons. The wyvern misses you.
The wyvern bites you!
You swap places.
The wyvern closely misses your troll.
Your troll bites the wyvern but does no damage.
Your troll closely misses the wyvern.
Your troll claws the wyvern!
The wyvern bites your troll!
Your troll bites the wyvern!
Your troll claws the wyvern.
Your troll claws the wyvern!
The wyvern dies!
Trog accepts your kill.
You swap places.
There is a staircase leading out of the dungeon here.
You close the door.
You close the door.
You start resting.
Your troll rages.
You feel yourself speed up.
Your troll rages.
You start resting.
Your troll rages. x4
You recover from your berserk rage.
You start resting.
Your troll is no longer berserk.
Your troll disappears in a puff of smoke!
Magic restored.
A yaktaur captain opens the door.
There is an open door, spattered with blood here.
You barely miss the yaktaur captain.
You claw the yaktaur captain, but do no damage.
The yaktaur captain hits you!
A red film seems to cover your vision as you go berserk!
You feel yourself moving faster!
You feel mighty! The yaktaur captain hits you.
You claw the yaktaur captain!
The yaktaur captain is lightly wounded.
The yaktaur captain closely misses you.
You mangle the yaktaur captain!! Your claw misses the yaktaur captain.
The yaktaur captain is heavily wounded.
You mangle the yaktaur captain!!
The yaktaur captain is severely wounded.
The yaktaur captain hits you!
* * * LOW HITPOINT WARNING * * *
You scratch the yaktaur captain. You bite the yaktaur captain!
The yaktaur captain is almost dead.
You claw the yaktaur captain!
The yaktaur captain is almost dead.
The yaktaur captain hits you!!
You die...

........#≈≈≈≈.##'##..#..####.#
....⌠...#≈≈≈≈##.#.##.####$h+.###
.....∩..#≈≈≈≈#..#..#....#h$#...#
..∩.∩.∩.#≈≈####...####..#####^.#
.∩.∩.∩.∩#≈##3 ##+###.##..#.†'..#
∩.∩...∩.#≈# #3##.##..##..#..#.^#
.∩.....∩'≈+ #$+.<.+##.'..####..##
∩.......#≈##3.##.##..##....###...
▓▓▓▓▓▓###≈##3 ##@###.##......≈≈≈≈
(GD######≈≈####.#c####≈≈.....≈#'#
$$G#Z ##≈≈≈#.###.#≈≈≈≈≈≈≈..≈#._
∩P?+. #'#≈##.#.##≈≈≈≈≈≈≈≈.≈#..
$.. #†#≈≈##+##≈≈≈≈≈≈≈§§≈≈#._ !.$
####≈≈≈≈≈≈≈≈≈≈§§§≈≈≈≈#_.
#+++#+++#≈≈§§≈≈≈≈≈#._
≈§≈§§≈≈##≈§§###≈≈#_.
#§≈≈§§≈≈≈≈##≈§# #≈≈#._


You could see a yaktaur captain.

Vanquished Creatures
  Kirke (D)
  4 wyverns (D)
  A yak (D)
  A vampire mosquito (D)
  A water moccasin (D)
  4 necrophages (D)
  4 scorpions (D)
16 creatures vanquished.

Vanquished Creatures (collateral kills)
  A wyvern (D)
1 creature vanquished.

Vanquished Creatures (others)
  Menkaure (D)
  A water moccasin (D)
2 creatures vanquished.

Grand Total: 19 creatures vanquished

Notes
Turn   | Place    | Note
-------+----------+-------------------------------------------
     0 | D        | EnegeticOcto the Felid Berserker began the quest for the
                  | Orb.
     0 | D        | Reached XP level 1. HP: 10/10 MP: 2/2
     2 | D        | Noticed a scorpion
     2 | D        | Noticed a scorpion
     2 | D        | Noticed a scorpion
     2 | D        | Noticed a scorpion
    14 | D        | Killed a scorpion
    15 | D        | Reached skill level 7 in Stealth
    15 | D        | Reached skill level 6 in Unarmed Combat
    15 | D        | Reached XP level 2. HP: 11/14 MP: 3/3
    15 | D        | Reached XP level 3. HP: 14/17 MP: 4/4
    16 | D        | Killed a scorpion
    17 | D        | Reached skill level 9 in Stealth
    17 | D        | Reached skill level 7 in Unarmed Combat
    17 | D        | Reached XP level 4. HP: 5/21 MP: 5/5
    21 | D        | Killed a scorpion
    21 | D        | Reached ** piety under Trog
    22 | D        | Reached skill level 10 in Stealth
    22 | D        | Reached skill level 8 in Unarmed Combat
    22 | D        | Reached XP level 5. HP: 4/24 MP: 6/6
    74 | D        | Killed Menkaure
   196 | D        | Killed a water moccasin
   279 | D        | Reached skill level 11 in Stealth
   279 | D        | Reached skill level 9 in Unarmed Combat
   288 | D        | Noticed a wyvern
   288 | D        | Noticed a wyvern
   292 | D        | Mangled by a wyvern
   293 | D        | Reached XP level 4. HP: -9/31 MP: 5/5
   296 | D        | Killed a wyvern
   297 | D        | Reached skill level 13 in Stealth
   297 | D        | Reached skill level 10 in Unarmed Combat
   297 | D        | Reached XP level 5. HP: 24/24 MP: 6/6
   297 | D        | Gained mutation: You are covered in thick fur. (AC +2)
                  | [Felid growth]
   297 | D        | Reached XP level 6. HP: 28/28 MP: 7/7
   298 | D        | Killed a wyvern
   298 | D        | Reached *** piety under Trog
   299 | D        | Reached skill level 14 in Stealth
   299 | D        | Reached skill level 11 in Unarmed Combat
   356 | D        | Noticed a neqoxec
   356 | D        | Noticed a neqoxec
   356 | D        | Noticed a neqoxec
   356 | D        | Noticed a neqoxec
   369 | D        | Reached skill level 15 in Stealth
   369 | D        | Reached XP level 7. HP: 31/31 MP: 8/8
   374 | D        | Reached skill level 12 in Unarmed Combat
   377 | D        | Reached **** piety under Trog
   433 | D        | Found a glowing silver altar of Zin.
   451 | D        | Reached skill level 16 in Stealth
   593 | D        | Found a glowing golden altar of the Shining One.
   593 | D        | Found a basalt altar of Yredelemnul.
   593 | D        | Found a hide-covered altar of Uskayaw.
   594 | D        | Found a shimmering altar of Xom.
   594 | D        | Found a bloodstained altar of Trog.
   594 | D        | Found a radiant altar of Vehumet.
   594 | D        | Found a burning altar of Makhleb.
   595 | D        | Found an ornate altar of the Wu Jian Council.
   595 | D        | Found a shimmering blue altar of Sif Muna.
   595 | D        | Found a corrupted altar of Lugonu.
   596 | D        | Found a sacrificial altar of Ru.
   596 | D        | Found an ancient bone altar of Kikubaaqudgha.
   596 | D        | Found a white marble altar of Elyvilon.
   597 | D        | Found a stormy altar of Qazlal.
   597 | D        | Found a viscous altar of Jiyva.
   597 | D        | Found a shadowy altar of Dithmenos.
   598 | D        | Found a hazy altar of Hepliaklqana.
   598 | D        | Found a snail-covered altar of Cheibriados.
   600 | D        | Found a sparkling altar of Nemelex Xobeh.
   600 | D        | Found a blossoming altar of Fedhas.
   600 | D        | Noticed a hornet
   600 | D        | Noticed a polar bear
   601 | D        | Found an opulent altar of Gozag.
   601 | D        | Found an iron altar of Okawaru.
   601 | D        | Noticed a yaktaur
   611 | D        | Noticed a wyvern
   612 | D        | Noticed a wyvern
   613 | D        | Killed a wyvern
   614 | D        | Reached XP level 8. HP: 34/34 MP: 9/9
   616 | D        | Reached skill level 17 in Stealth
   616 | D        | Reached skill level 13 in Unarmed Combat
   625 | D        | Noticed a polar bear
   625 | D        | Noticed a polar bear
   628 | D        | Noticed a deep elf master archer
   640 | D        | Mangled by a yak
   641 | D        | Reached XP level 7. HP: -7/46 MP: 8/8
   728 | D        | Noticed an orange crystal statue
   733 | D        | Found Fanegun's Distillery.
   735 | D        | Found Weaph's Distillery.
   736 | D        | Found Lips's Antique Armour Emporium.
   737 | D        | Found Lozalue's Antique Weapon Shoppe.
   738 | D        | Found Qiwaroof's Jewellery Shoppe.
   738 | D        | Found Hyskoej's Jewellery Shoppe.
   739 | D        | Found Abbapt's Antique Weapon Emporium.
   740 | D        | Noticed a vampire mosquito
   742 | D        | Killed a vampire mosquito
   742 | D        | Reached ***** piety under Trog
   747 | D        | Found Faal's Armour Shoppe.
   747 | D        | Found Werij's Magic Scroll Shoppe.
   747 | D        | Found Yrghuf Woesk's Distillery.
   752 | D        | Found Qoneir's Book Shoppe.
   752 | D        | Found Nomanne's Antique Armour Emporium.
   752 | D        | Noticed an ice dragon
   752 | D        | Noticed an oklob plant
   753 | D        | Found Kashroupn's Magic Scroll Shoppe.
   753 | D        | Found Egafedemiy's Armour Emporium.
   753 | D        | Found Xajut's Book Shoppe.
   754 | D        | Bought a potion of lignification for 36 gold pieces
   754 | D        | Bought a potion of resistance for 120 gold pieces
   754 | D        | Noticed a shining eye
   754 | D        | Noticed a shining eye
   755 | D        | Bought a potion of invisibility for 80 gold pieces
   755 | D        | Bought a potion of attraction for 30 gold pieces
   755 | D        | Bought a potion of attraction for 30 gold pieces
   756 | D        | Bought a scroll of blinking for 90 gold pieces
   756 | D        | Bought a scroll of identify for 24 gold pieces
   758 | D        | Bought an amulet of guardian spirit for 360 gold pieces
   764 | D        | Noticed a shining eye
   766 | D        | Bought a potion of might for 56 gold pieces
   778 | D        | Noticed a centaur warrior
   778 | D        | Noticed Kirke
   778 | D        | Noticed a kobold demonologist
   779 | D        | Noticed a skeletal warrior
   798 | D        | Killed Kirke
   799 | D        | Reached skill level 20 in Stealth
   799 | D        | Reached skill level 15 in Unarmed Combat
   799 | D        | Reached XP level 8. HP: 34/34 MP: 7/9
   799 | D        | Reached XP level 9. HP: 37/37 MP: 7/10
   867 | D        | Noticed a yaktaur captain
   874 | D        | Mangled by a yaktaur captain

Illustrated notes

Levels and vault maps discovered:
D:        the_violet_keep_of_menkaure [sprint2_stairs_cluster_1,
          sprint2_shoproom, sprint2_temple, sprint2_basic_supplies,
          sprint2_obstacle_4, sprint2_obstacle_1, sprint2_obstacle_7,
          sprint2_obstacle_5, sprint2_obstacle_6, sprint2_timed_cluster_1,
          sprint2_smallroom_cluster_1, sprint2_smallroom_final_cluster_1,
          sprint2_transparent_cluster_1, sprint2_second_timed_cluster_1,
          sprint2_sniper_area_1, sprint2_heavy_combat_area_1,
          sprint2_mutation_trap_area_1, sprint2_forest_area_1,
          sprint2_light_combat_area_1, sprint2_behind_water_1,
          sprint2_near_end_vault_1]

Skill      XL: |  1  2  3  4  5  6  7  8 |
---------------+-------------------------+-----
Stealth        | 7 9 13 11 15 20 17 | 20.2
Unarmed Combat | 6 7 10 9 11 15 13 | 15.3
Fighting       | |  3.0
Dodging        | |  4.0

Action                   |  1- 3 |  4- 6 |  7- 9 || total
-------------------------+-------+-------+-------++-------
Melee: Unarmed           |    11 |    18 |    40 ||    69
       Bite              |     1 |     2 |     2 ||     5
       Punch             |       |     1 |     2 ||     3
Invok: Berserk           |     1 |     3 |     4 ||     8
       Brothers in Arms  |       |       |     1 ||     1
  Use: Scroll            |       |       |     1 ||     1
 Stab: Sleeping          |       |     1 |     3 ||     4
Armor: Skin              |     1 |       |       ||     1
Dodge: Dodged            |    16 |     5 |    16 ||    37

Table legend: (Time is in decaauts)
 A = Elapsed time spent in this place.
 B = Non-inter-level travel time spent in this place.
 C = Inter-level travel time spent in this place.
 D = Time resting spent in this place.
 E = Time spent auto-exploring this place.
 F = Levels seen in this place.
 G = Mean time per level.
                   A        B        C        D        E       F      G
               +--------+--------+--------+--------+--------+-----+--------+
         Total |    890 |    890 |      0 |    636 |      0 |   1 |  890.0 |
       Dungeon |    890 |    890 |      0 |    636 |      0 |   1 |  890.0 |
               +--------+--------+--------+--------+--------+-----+--------+

Top non-repeatable levels by time:
       D: 890 daAuts
